 Dungeon Sprint DCSS version 0.28-a0-1412-gf95308ed99 (webtiles) character file.

Game seed: 7655344913092376335

2332 mhtbhm the Slicer (level 9, -17/91 HPs)
             Began as a Minotaur Fighter on Jan 6, 2022.
             Was an Initiate of Gozag.
             Demolished by a death knight (26 damage)
             ... in the Dungeon (Sprint IX: "|||||||||||||||||||||||||||||").
             The game lasted 00:01:54 (659 turns).

mhtbhm the Slicer (Minotaur Fighter)                 Turns: 659, Time: 00:01:54

Health: -17/91     AC: 13    Str: 24    XL:     9   Next: 19%
Magic:  8/8        EV:  9    Int:  8    God:    Gozag
Gold:   6          SH:  7    Dex: 14    Spells: 8/8 levels left

rFire   + . .      SeeInvis .   a - +2 rapier (drain)
rCold   + . .      Faith    .   c - +0 buckler
rNeg    . . .      Spirit   .   b - +1 chain mail
rPois   +          Reflect  .   (helmet restricted)
rElec   +          Harm     .   (no cloak)
rCorr   +          Rampage  .   (no gloves)
Will    .....      NoTele   +   (no boots)
Stlth   ..........              (no amulet)
HPRegen 0.25/turn               m - +3 ring of dexterity
MPRegen 0.11/turn               n - +3 ring of intelligence

@: mighty, resistant, gold aura, hasted, very quick
A: horns 2, retaliatory headbutt
a: Renounce Religion, Potion Petition, Call Merchant, Bribe Branch


You were in the Dungeon.
You worshipped Gozag.
Gozag was noncommittal.
You visited 1 branch You collected 630 gold pieces.
You paid 624 gold pieces to Gozag.

Inventory:

Hand Weapons
 a - a +2 rapier of draining (weapon)
Armour
 b - a +1 chain mail (worn)
 c - a +0 buckler (worn)
Jewellery
 m - a +3 ring of dexterity (left hand)
 n - a +3 ring of intelligence (right hand)
Wands
 l - a wand of iceblast (2)
Scrolls
 j - a scroll of blinking
 k - 2 scrolls of amnesia
Potions
 e - 5 potions of curing
 h - 4 potions of magic


   Skills:
 + Level 12.4 Fighting
 + Level 13.7 Short Blades
 + Level 12.0 Armour
 + Level 1.5 Dodging
 + Level 4.1 Stealth
 + Level 10.6 Shields
 + Level 2.2 Evocations


You had 8 spell levels left.
You didn't know any spells.
Your spell library was empty.

Dungeon Overview and Level Annotations

Branches:
Dungeon (1/1)

Altars:
Cheibriados
Dithmenos
Elyvilon
Fedhas
Gozag
Hepliaklqana
Kikubaaqudgha
Makhleb
Nemelex Xobeh
Okawaru
Qazlal
Ru
Sif Muna
Trog
Uskayaw
Vehumet
Wu Jian
Xom
Yredelemnul
Zin
The Shining One
Beogh
Jiyva
Lugonu


Innate Abilities, Weirdness & Mutations

You have a pair of horns on your head.
You reflexively headbutt those who attack you in melee.


Message History

You feel very mighty all of a sudden. [a] - 288 gold - invisibility and might [b] - 624 gold - resistance, might and haste [c] - 729 gold - heal wounds, curing, berserk rage, resistance and might Purchase which effect?
You no longer have enough gold to petition Gozag for potion effects.
You feel protected.
You feel mightier all of a sudden.
You feel yourself speed up.
The death knight hits you from afar with a +4 glaive!!
The death knight hits you with a +4 glaive!
* * * LOW HITPOINT WARNING * * *
Items here: ( )))) [[[.
You hit the death knight.
The death knight is lightly wounded.
You hit the death knight but do no damage.
You headbutt the death knight.
The death knight is moderately wounded.
The death knight invokes the aid of Yredelemnul against you.
Your body is wracked with pain!
* * * LOW HITPOINT WARNING * * *
You closely miss the death knight.
The death knight is moderately wounded.
You barely miss the death knight. You headbutt the death knight!
The death knight is moderately wounded.
Unknown command.
Okay, then.
You closely miss the death knight. Your headbutt misses the death knight.
The death knight is moderately wounded.
The death knight offers itself to Yredelemnul, and fills with unholy energy.
You hit the death knight. You headbutt the death knight.
The death knight is heavily wounded.
The death knight reflects your damage back at you!
* * * LOW HITPOINT WARNING * * *
You hit the death knight but do no damage.
The death knight is heavily wounded.
You barely miss the death knight.
The death knight is heavily wounded.
The death knight hits you with a +4 glaive!!
You die...
Your body crumbles into a pile of gold.

▓.▓
▓.▓
▓$▓
$
▓.▓
$
▓.▓
$ $
▓$▓
$
▓.▓
$
▓p▓
▓@▓
$
▓'▓
▓)▓
$
▓.▓
▓[▓
$
▓[▓
▓[▓
$
▓.▓
$
▓)▓


You could see a death knight (reflects damage).

Vanquished Creatures
  A hydra (D)
  A boulder beetle (D)
  A deep elf pyromancer (D)
  A wraith (D)
  A shadow (D)
  An ogre (D)
  2 centaurs (D)
  A gnoll sergeant (D)
  A hound (D)
  2 orc wizards (D)
  An adder zombie (D)
  2 orcs (D)
  2 bats (D)
  A giant cockroach (D)
  A quokka (D)
  A ball python zombie (D)
  A frilled lizard (D)
21 creatures vanquished.

Notes
Turn   | Place    | Note
-------+----------+-------------------------------------------
     0 | D        | mhtbhm the Minotaur Fighter began the quest for the Orb.
     0 | D        | Reached XP level 1. HP: 19/19 MP: 0/0
    52 | D        | Noticed a hound
    52 | D        | Noticed an ogre
    59 | D        | Killed an ogre
    60 | D        | Reached skill level 4 in Short Blades
    60 | D        | Reached XP level 2. HP: 31/31 MP: 1/1
    60 | D        | Reached XP level 3. HP: 38/38 MP: 2/2
    60 | D        | Reached XP level 4. HP: 45/45 MP: 3/3
    66 | D        | Reached skill level 5 in Short Blades
    72 | D        | Found a snail-covered altar of Cheibriados.
    72 | D        | Found a shadowy altar of Dithmenos.
    72 | D        | Found a white marble altar of Elyvilon.
    72 | D        | Found a blossoming altar of Fedhas.
    72 | D        | Found an opulent altar of Gozag.
    73 | D        | Found a hazy altar of Hepliaklqana.
    74 | D        | Found a viscous altar of Jiyva.
    75 | D        | Found an ancient bone altar of Kikubaaqudgha.
    76 | D        | Found a corrupted altar of Lugonu.
    77 | D        | Found a burning altar of Makhleb.
    78 | D        | Found a sparkling altar of Nemelex Xobeh.
    79 | D        | Found an iron altar of Okawaru.
    80 | D        | Found a stormy altar of Qazlal.
    81 | D        | Found a sacrificial altar of Ru.
    84 | D        | Became a worshipper of Gozag Ym Sagoz the Greedy
    87 | D        | Found a shimmering blue altar of Sif Muna.
    88 | D        | Found a bloodstained altar of Trog.
    89 | D        | Found a hide-covered altar of Uskayaw.
    90 | D        | Found a radiant altar of Vehumet.
    91 | D        | Found an ornate altar of the Wu Jian Council.
    92 | D        | Found a shimmering altar of Xom.
    93 | D        | Found a basalt altar of Yredelemnul.
    94 | D        | Found a glowing silver altar of Zin.
    95 | D        | Found a glowing golden altar of the Shining One.
   136 | D        | Noticed a gnoll sergeant
   136 | D        | Noticed a centaur
   136 | D        | Noticed a centaur
   138 | D        | Killed a centaur
   139 | D        | Reached skill level 6 in Short Blades
   139 | D        | Reached XP level 5. HP: 53/53 MP: 4/4
   145 | D        | Killed a centaur
   146 | D        | Reached skill level 7 in Short Blades
   146 | D        | Reached XP level 6. HP: 59/62 MP: 5/5
   149 | D        | Reached skill level 8 in Short Blades
   212 | D        | Noticed a death knight
   212 | D        | Noticed a wraith
   212 | D        | Noticed a boulder beetle
   212 | D        | Noticed a shadow
   212 | D        | Noticed an eight-headed hydra
   212 | D        | Noticed a deep elf pyromancer
   217 | D        | Noticed a fire elemental
   219 | D        | Killed a deep elf pyromancer
   220 | D        | Reached skill level 10 in Fighting
   220 | D        | Reached skill level 10 in Short Blades
   220 | D        | Reached skill level 10 in Armour
   220 | D        | Reached skill level 10 in Shields
   220 | D        | Reached XP level 7. HP: 46/73 MP: 6/6
   348 | D        | Killed a boulder beetle
   349 | D        | Reached skill level 12 in Short Blades
   349 | D        | Reached skill level 1 in Dodging
   349 | D        | Reached skill level 1 in Evocations
   349 | D        | Reached XP level 8. HP: 36/82 MP: 7/7
   638 | D        | Killed an eight-headed hydra
   639 | D        | Reached skill level 13 in Short Blades
   639 | D        | Reached XP level 9. HP: 56/91 MP: 8/8
   659 | D        | Demolished by a death knight

Illustrated notes

Levels and vault maps discovered:
D:        linesprint [early_d, line_temple, items_1, d_10, items_2, lair_1,
          lair_end, items_3, orc_1, orc_end, items_4, d_15, swamp_1, shoals_1,
          snake_1, spider_1, d_20, vaults_1, items_5, swamp_end, shoals_end,
          snake_end, spider_end, vaults_end, d_27, items_6, zot_1, zot_end,
          crypt_end, forest_end, elf_end, slime_end, tomb_end, abyss_end,
          pan_hell_end]

Skill      XL: |  1  2  3  4  5  6  7  8 |
---------------+-------------------------+-----
Fighting       | 6 8 10 11 12 | 12.4
Armour         | 6 7 8 10 11 12 | 12.0
Shields        | 6 7 8 10 | 10.6
Short Blades   | 4 6 7 10 12 13 | 13.7
Dodging        | 1 |  1.5
Stealth        | 2 4 |  4.1
Evocations     | 1 2 |  2.2

Action                   |  1- 3 |  4- 6 |  7- 9 || total
-------------------------+-------+-------+-------++-------
Melee: Rapier            |    14 |    32 |    34 ||    80
       Headbutt          |     3 |     3 |    10 ||    16
Invok: Potion Petition   |       |       |     1 ||     1
Evoke: Wand              |       |     1 |     7 ||     8
  Use: Potion            |     1 |     1 |     5 ||     7
       Scroll            |       |       |     1 ||     1
 Stab: Invisible         |       |       |     4 ||     4
Armor: Scale mail        |     2 |       |       ||     2
       Chain mail        |       |     9 |    21 ||    30
Dodge: Dodged            |     5 |     8 |     9 ||    22
Block: Buckler           |     2 |     3 |     7 ||    12

Table legend: (Time is in decaauts)
 A = Elapsed time spent in this place.
 B = Non-inter-level travel time spent in this place.
 C = Inter-level travel time spent in this place.
 D = Time resting spent in this place.
 E = Time spent auto-exploring this place.
 F = Levels seen in this place.
 G = Mean time per level.
                   A        B        C        D        E       F      G
               +--------+--------+--------+--------+--------+-----+--------+
         Total |    638 |    638 |      0 |    431 |      3 |   1 |  638.0 |
       Dungeon |    638 |    638 |      0 |    431 |      3 |   1 |  638.0 |
               +--------+--------+--------+--------+--------+-----+--------+

Top non-repeatable levels by time:
       D: 638 daAuts
